 Dungeon Crawl Stone Soup version 0.29-a0-322-g68df515428 (webtiles) character file.

Game seed: 3273113205563586411

719 Gwenloh the Chiller (level 7, -1/51 HPs)
             Began as a Gnoll Ice Elementalist on Apr 9, 2022.
             Was an Initiate of Cheibriados.
             Slain by Pikel
             ... wielding a +0 whip of flaming
              (3 damage)
             ... on level 5 of the Dungeon.
             The game lasted 00:16:26 (5644 turns).

Gwenloh the Chiller (Gnoll Ice Elementalist)        Turns: 5644, Time: 00:16:27

Health: -1/51      AC: 14    Str: 14    XL:     7   Next: 70%
Magic:  9/15       EV: 14    Int: 17    God:    Cheibriados [......]
Gold:   290        SH:  0    Dex: 16    Spells: 6/17 levels left

rFire   . . .      SeeInvis +   b - +0 hunting sling
rCold   . . .      Faith    .   (no shield)
rNeg    + . .      Spirit   .   f - +0 leather armour
rPois   .          Reflect  .   h - +0 helmet
rElec   .          Harm     .   (no cloak)
rCorr   .          Rampage  .   m - +0 pair of gloves
Will    .....                   C - +2 pair of boots
Stlth   +++.......              (no amulet)
HPRegen 0.17/turn               v - ring of see invisible
MPRegen 0.14/turn               c - ring of Irrepressible Laughter {rN+ Str+6 Dex+2}

@: ice-armoured, freezing walls, very slow
A: fangs 1, strong nose, distributed training
a: Renounce Religion


You were on level 5 of the Dungeon.
You worshipped Cheibriados.
Cheibriados was noncommittal.
You visited 2 branches of the dungeon, and saw 6 of its levels.
You also visited: Sewer.

You collected 290 gold pieces.

Inventory:

Hand Weapons
 a - a +0 dagger
 b - a +0 hunting sling (weapon)
Armour
 f - a +0 leather armour (worn)
 h - a +0 helmet (worn)
 m - a +0 pair of gloves (worn)
 C - a +2 pair of boots (worn)
Magical Staves
 p - a staff of earth
Jewellery
 c - the ring of Irrepressible Laughter (right hand) {rN+ Str+6 Dex+2}
   (You acquired it on level 3 of the Dungeon)

   [ring of strength]

   Str:       It affects your strength (+6).
   Dex:       It affects your dexterity (+2).
   rN:        It protects you from negative energy.
 i - a ring of protection from fire
 v - a ring of see invisible (left hand)
 w - a +6 ring of intelligence
Wands
 j - a wand of iceblast (4)
 r - a wand of flame (6)
 u - a wand of mindburst (16)
Scrolls
 s - 4 scrolls of fear
 y - 3 scrolls of amnesia
 A - a scroll of acquirement
Potions
 d - a potion of attraction {unknown}
 e - 2 potions of heal wounds {unknown}
 g - 2 potions of curing {unknown}
 k - 3 potions of mutation
 l - a potion of brilliance {unknown}
 n - 2 potions of magic
 o - 2 potions of might
 q - 2 potions of lignification {unknown}
 t - 2 potions of degeneration
 B - 6 potions of flight


   Skills:
 + Level 2.6 Fighting
 + Level 2.6 Short Blades
 + Level 2.6 Long Blades
 + Level 2.6 Axes
 + Level 2.6 Maces & Flails
 + Level 2.6 Polearms
 + Level 2.6 Staves
 + Level 2.6 Slings
 + Level 2.6 Bows
 + Level 2.6 Crossbows
 + Level 2.6 Throwing
 + Level 2.6 Armour
 + Level 5.3 Dodging
 + Level 5.0 Stealth
 + Level 2.6 Shields
 + Level 2.6 Unarmed Combat
 + Level 5.7 Spellcasting
 + Level 2.1 Conjurations
 + Level 2.1 Hexes
 + Level 2.1 Summonings
 + Level 2.1 Necromancy
 + Level 2.1 Translocations
 + Level 2.1 Transmutations
 + Level 2.1 Fire Magic
 + Level 7.4 Ice Magic
 + Level 2.1 Air Magic
 + Level 2.1 Earth Magic
 + Level 2.1 Poison Magic
 + Level 3.0 Invocations
 + Level 2.6 Evocations


You had 6 spell levels left.
You knew the following spells:

 Your Spells              Type           Power      Damage    Failure   Level
a - Freeze                Ice            100%       1d11      1%          1
b - Frozen Ramparts       Ice            60%        1d8       2%          3
c - Ozocubu's Armour      Ice            30%        N/A       2%          3
d - Hailstorm             Conj/Ice       21%        3d6       22%         4

Your spell library contained the following spells:

 Spells                   Type           Power      Damage    Failure   Level
 Static Discharge         Conj/Air       12%        N/A       10%         2
 Lightning Bolt           Conj/Air       6%         1d18      88%         5
 Maxwell's Capacitive Co  Air            6%         ∞         100%        8


Dungeon Overview and Level Annotations

Branches:
Dungeon (5/15)             Temple (1/1) D:4           Sewer (visited)

Altars:
Ashenzari
Cheibriados
Dithmenos
Elyvilon
Gozag
Hepliaklqana
Kikubaaqudgha
Makhleb
Nemelex Xobeh
Okawaru
Qazlal
Ru
Sif Muna
Trog
Uskayaw
Wu Jian
Xom
Yredelemnul
Zin
The Shining One

Annotations:
D:5 Pikel


Innate Abilities, Weirdness & Mutations

You have very sharp teeth.
Your uncanny sense of smell can sniff out nearby items.
Your experience applies equally to all skills.


Message History

There is a stone staircase leading down here.
You climb downwards.
You hear the hiss of flowing sand.
There is an entrance to an ossuary on this level.
Hurry and find it before the portal is buried!
There is a stone staircase leading up here.
You see here a +0 rapier.
Found 13 stones.
e - 2 dark potions (gained 1)
A lemure comes into view.
The lemure shouts!
You hear a shout! x2
You shoot a sling bullet.
The sling bullet closely misses the lemure.
Pikel, Merchant of Souls comes into view.
He is wielding a +0 whip of flaming and carrying a wand of acid (9).
You shoot a sling bullet.
The sling bullet hits the lemure but does no damage.
Pikel drinks a potion.
Pikel seems to speed up.
A lemure comes into view.
Pikel zaps a wand.
The bolt of acid misses you.
Pikel zaps a wand.
The bolt of acid hits you!!
You see here a +0 rapier.
You shoot a sling bullet. The sling bullet closely misses Pikel.
Pikel zaps a wand.
The bolt of acid hits you!!
* * * LOW HITPOINT WARNING * * *
Pikel says, "You'll make a fine lemure."
Casting: Freeze (safe; 1% risk of failure)
Confirm with . or Enter, or press ? or * to list all spells.
A film of ice covers your body!
The lemure shouts!
You hear a shout!
A lemure comes into view.
Pikel hits you but does no damage.
Casting: Ozocubu's Armour (dangerous; 2% risk of failure)
Confirm with . or Enter, or press ? or * to list all spells.
Casting: Frozen Ramparts (dangerous; 2% risk of failure)
Press: ? - help, Dir - look around, f - activate The walls around you are covered in ice.
The wall freezes Pikel.
Pikel hits you with a +0 whip of flaming.
* * * LOW HITPOINT WARNING * * *
Pikel burns you.
You die...

#?......#
####....5..#
.........5..#
#####.......#
####...##
######...#
#...###5##
###...###K#
#.......#@#
#.........#
#.......###
###...###
#.<.# ##.##
#.# #.# #.#


You could see Pikel (fast) and 3 lemures.

Vanquished Creatures
  Sigmund (D:2)
  The ghost of WanderingOwl the Magician, an amateur DsWz (D:3)
  A bullfrog (D:3)
  A jelly (D:4)
  An orc priest (D:3)
  Terence (D:2)
  13 adders
  3 river rats (Sewer)
  An ufetubus (D:4)
  7 worms
  3 dart slugs
  8 orcs
  15 endoplasms
  5 giant cockroaches
  5 goblins
  9 hobgoblins
  16 jackals
  7 quokkas
  17 ball pythons
  12 bats
  6 frilled lizards
  6 kobolds
  5 rats
144 creatures vanquished.

Vanquished Creatures (others)
  4 toadstools (D:1)
4 creatures vanquished.

Grand Total: 148 creatures vanquished

Notes
Turn   | Place    | Note
-------+----------+-------------------------------------------
     0 | D:1      | Gwenloh the Gnoll Ice Elementalist began the quest for the
                  | Orb.
     0 | D:1      | Reached XP level 1. HP: 13/13 MP: 6/6
   195 | D:1      | Reached XP level 2. HP: 19/19 MP: 5/7
   676 | D:1      | Found a faded altar of an unknown god.
   901 | D:1      | Reached XP level 3. HP: 25/25 MP: 7/9
   934 | D:1      | Reached skill level 5 in Spellcasting
  1300 | D:2      | Reached skill level 1 in Invocations
  1367 | D:2      | Reached skill level 1 in Fighting
  1367 | D:2      | Reached skill level 1 in Short Blades
  1367 | D:2      | Reached skill level 1 in Long Blades
  1367 | D:2      | Reached skill level 1 in Axes
  1367 | D:2      | Reached skill level 1 in Maces & Flails
  1367 | D:2      | Reached skill level 1 in Polearms
  1367 | D:2      | Reached skill level 1 in Staves
  1367 | D:2      | Reached skill level 1 in Slings
  1367 | D:2      | Reached skill level 1 in Bows
  1367 | D:2      | Reached skill level 1 in Crossbows
  1367 | D:2      | Reached skill level 1 in Throwing
  1367 | D:2      | Reached skill level 1 in Armour
  1367 | D:2      | Reached skill level 1 in Shields
  1367 | D:2      | Reached skill level 1 in Unarmed Combat
  1367 | D:2      | Reached skill level 1 in Evocations
  1517 | D:2      | Learned a level 3 spell: Frozen Ramparts
  1521 | D:2      | Learned a level 3 spell: Ozocubu's Armour
  1671 | D:2      | Reached XP level 4. HP: 32/32 MP: 9/11
  1981 | D:2      | Noticed Terence
  1985 | D:2      | Killed Terence
  1986 | D:2      | Reached skill level 1 in Conjurations
  1986 | D:2      | Reached skill level 1 in Hexes
  1986 | D:2      | Reached skill level 1 in Summonings
  1986 | D:2      | Reached skill level 1 in Necromancy
  1986 | D:2      | Reached skill level 1 in Translocations
  1986 | D:2      | Reached skill level 1 in Transmutations
  1986 | D:2      | Reached skill level 1 in Fire Magic
  1986 | D:2      | Reached skill level 1 in Air Magic
  1986 | D:2      | Reached skill level 1 in Earth Magic
  1986 | D:2      | Reached skill level 1 in Poison Magic
  1992 | D:2      | Learned a level 4 spell: Hailstorm
  2190 | D:3      | Found a runed translucent gate.
  2191 | D:3      | Found a runed translucent gate.
  2194 | D:3      | Found a runed translucent gate.
  2194 | D:3      | Noticed WanderingOwl's ghost (amateur DsWz)
  2194 | D:3      | Noticed a bullfrog
  2259 | D:3      | Reached XP level 5. HP: 37/37 MP: 7/12
  2300 | D:3      | Found an opulent altar of Gozag.
  2442 | D:2      | Noticed Sigmund
  2455 | D:2      | Killed Sigmund
  2456 | D:2      | Reached skill level 5 in Dodging
  2456 | D:2      | Reached XP level 6. HP: 17/44 MP: 8/14
  3129 | D:3      | Found a sacrificial altar of Ru.
  3221 | D:3      | Found a hide-covered altar of Uskayaw.
  3624 | D:3      | Identified a scroll of acquirement
  3628 | D:3      | Acquired the ring of Irrepressible Laughter {rN+ Str+6
                  | Dex+2}
  3646 | D:3      | Reached XP level 7. HP: 33/50 MP: 8/15
  3647 | D:3      | Killed WanderingOwl's ghost
  3874 | D:4      | Found a glowing drain.
  3896 | Sewer    | Entered a sewer
  4777 | D:4      | Found a staircase to the Ecumenical Temple.
  4798 | Temple   | Entered the Ecumenical Temple
  4863 | Temple   | Became a worshipper of Cheibriados the Contemplative
  5029 | D:4      | Reached skill level 5 in Stealth
  5299 | D:4      | Found a burning altar of Makhleb.
  5605 | D:5      | Entered Level 5 of the Dungeon
  5633 | D:5      | Noticed Pikel
  5644 | D:5      | HP: 2/51 [Pikel/+0 whip of flaming (5)]
  5644 | D:5      | Slain by Pikel

Illustrated notes

Levels and vault maps discovered:
D:1:      ldierk_walled_garden_2, layout_loops_ring, serial_rivers,
          chequers_serial_rivers_small_3, chequers_serial_rivers_micro_e,
          chequers_serial_rivers_micro_e, chequers_serial_rivers_large_a,
          chequers_serial_rivers_micro_d, hellmonk_ecumenical_altar_arch_garden,
          minivault_11
D:2:      layout_basic, uniq_sigmund, uniq_terence
D:3:      layout_loops_ring, nicolae_gozag_seed_capital,
          nicolae_uskayaw_murder_on_the_dancefloor, nicolae_ru_path_of_blood,
          gammafunk_ghost_split, minivault_23
D:4:      layout_layer_cave, lightli_temple_of_fire,
          minmay_temple_entry_purple_smoke, portal_sewer_entry_b
D:5:      layout_loops_ring, nicolae_ossuary_entry_monument, minivault_27,
          uniq_crazy_yiuf_cottage, uniq_eustachio, uniq_pikel
Temple:   nicolae_temple_x_marks_the_god

Skill      XL: |  1  2  3  4  5  6  7 |
---------------+----------------------+-----
Spellcasting   | 5 |  5.7
Invocations    | 1 2 3 |  3.0
Fighting       | 1 2 |  2.6
Short Blades   | 1 2 |  2.6
Long Blades    | 1 2 |  2.6
Axes           | 1 2 |  2.6
Maces & Flails | 1 2 |  2.6
Polearms       | 1 2 |  2.6
Staves         | 1 2 |  2.6
Slings         | 1 2 |  2.6
Bows           | 1 2 |  2.6
Crossbows      | 1 2 |  2.6
Throwing       | 1 2 |  2.6
Armour         | 1 2 |  2.6
Shields        | 1 2 |  2.6
Unarmed Combat | 1 2 |  2.6
Evocations     | 1 2 |  2.6
Conjurations   | 1 2 |  2.1
Hexes          | 1 2 |  2.1
Summonings     | 1 2 |  2.1
Necromancy     | 1 2 |  2.1
Translocations | 1 2 |  2.1
Transmutations | 1 2 |  2.1
Fire Magic     | 1 2 |  2.1
Air Magic      | 1 2 |  2.1
Earth Magic    | 1 2 |  2.1
Poison Magic   | 1 2 |  2.1
Dodging        | 5 |  5.3
Stealth        | 5 |  5.0
Ice Magic      | |  7.4

Action                   |  1- 3 |  4- 6 |  7- 9 || total
-------------------------+-------+-------+-------++-------
Melee: Unarmed           |     2 |       |       ||     2
       Dagger            |     2 |     2 |       ||     4
 Fire: Hunting sling     |       |    93 |   147 ||   240
 Cast: Freeze            |    46 |    15 |    24 ||    85
       Frozen Ramparts   |     2 |    13 |     8 ||    23
       Ozocubu's Armour  |       |     2 |     3 ||     5
Evoke: Wand              |       |       |     2 ||     2
  Use: Scroll            |       |     4 |     5 ||     9
 Stab: Sleeping          |     1 |     2 |       ||     3
Armor: Robe              |     1 |       |       ||     1
       Leather armour    |     8 |    12 |    18 ||    38
Dodge: Dodged            |    19 |    17 |    47 ||    83

Table legend: (Time is in decaauts)
 A = Elapsed time spent in this place.
 B = Non-inter-level travel time spent in this place.
 C = Inter-level travel time spent in this place.
 D = Time resting spent in this place.
 E = Time spent auto-exploring this place.
 F = Levels seen in this place.
 G = Mean time per level.
                   A        B        C        D        E       F      G
               +--------+--------+--------+--------+--------+-----+--------+
         Total |   6108 |   5941 |    167 |    135 |   4732 |   7 |  872.6 |
       Dungeon |   5093 |   4935 |    158 |    135 |   3962 |   5 | 1018.6 |
        Temple |     75 |     66 |      9 |      0 |     46 |   1 |   75.0 |
         Sewer |    939 |    939 |      0 |      0 |    724 |   1 |  939.0 |
               +--------+--------+--------+--------+--------+-----+--------+

Top non-repeatable levels by time:
     D:2: 1468 daAuts
     D:1: 1306 daAuts
     D:4: 1171 daAuts
     D:3: 1109 daAuts
   Sewer: 939 daAuts
  Temple: 75 daAuts
     D:5: 37 daAuts
